PCL
MILE HIGH BRONCOS @ SANTA MONICA BRUINS
04/28/2027
 
TOP OF THE 1ST
Mile High Broncos batting - Pitching for Santa Monica Bruins : RHP Mario Chávez
Pitching: RHP Mario Chávez
Batting: LHB Ernesto López 0-0: Swinging Strike
0-1: Called Strike
0-2: Ball
1-2: Ball
2-2: Strikes out looking
Batting: SHB Tom Stevens 0-0: Called Strike
0-1: Foul Ball, location: 2F
0-2: Ball
1-2: SINGLE (Groundball, 3) (infield hit)
Batting: LHB Mark Everett 0-0: Fly out, F4 (Line Drive, 34)
Lined into DP, 4-3 (Line Drive, 34)
Top of the 1st over - 0 run(s), 1 hit(s), 0 error(s), 0 left on base; Mile High 0 - Santa Monica 0
BOTTOM OF THE 1ST
Santa Monica Bruins batting - Pitching for Mile High Broncos : RHP Ricardo Marino
Pitching: RHP Ricardo Marino
Batting: RHB António López 0-0: Ball
1-0: Swinging Strike
1-1: Ball
2-1: Swinging Strike
2-2: Strikes out looking
Batting: LHB Ray Bryant 0-0: Called Strike
0-1: Ball
1-1: Ball
2-1: Ball
3-1: Called Strike
3-2: Foul Ball, location: 2F
3-2: Base on Balls
Batting: LHB Morgan Wright 0-0: Ball
1-0: Ball
2-0: Ball
3-0: Called Strike
3-1: Ground out U3 (Groundball, 34S)
Ray Bryant to second
Batting: RHB Alfredo López 0-0: Called Strike
0-1: Ball
1-1: Swinging Strike
1-2: Fly out, F3 (Line Drive, 3)
Bottom of the 1st over - 0 run(s), 0 hit(s), 0 error(s), 1 left on base; Mile High 0 - Santa Monica 0
TOP OF THE 2ND
Mile High Broncos batting - Pitching for Santa Monica Bruins : RHP Mario Chávez
Batting: RHB David Moran 0-0: Ball
1-0: Ball
2-0: Called Strike
2-1: Ball
3-1: Foul Ball, location: 2F
3-2: Foul Ball, location: 2F
3-2: Foul Ball, location: 2F
3-2: Strikes out swinging
Batting: RHB Richard Bankhead 0-0: SINGLE (Groundball, 5S) (infield hit)
Batting: RHB Edward Williams 0-0: Called Strike
0-1: Called Strike
Richard Bankhead steals 2nd base
0-2: Foul Ball, location: 2F
0-2: Ground out 5-3 (Groundball, 5)
Batting: SHB Paco Martínez 0-0: Foul Ball, location: 2F
0-1: Ball
1-1: Ground out 6-3 (Groundball, 6)
Top of the 2nd over - 0 run(s), 1 hit(s), 0 error(s), 1 left on base; Mile High 0 - Santa Monica 0
BOTTOM OF THE 2ND
Santa Monica Bruins batting - Pitching for Mile High Broncos : RHP Ricardo Marino
Batting: SHB Ken Hernández 0-0: Called Strike
0-1: Called Strike
0-2: Ball
1-2: Strikes out looking
Batting: LHB Jeffrey Satterley 0-0: Swinging Strike
0-1: Ball
1-1: Fly out, F8 (Line Drive, 8RS)
Batting: LHB Rubén Díaz 0-0: Ball
1-0: Ball
2-0: Foul Ball, location: 2F
2-1: Swinging Strike
2-2: Ball
3-2: Strikes out swinging
Bottom of the 2nd over - 0 run(s), 0 hit(s), 0 error(s), 0 left on base; Mile High 0 - Santa Monica 0
TOP OF THE 3RD
Mile High Broncos batting - Pitching for Santa Monica Bruins : RHP Mario Chávez
Batting: LHB Don Hull 0-0: Ball
1-0: Ground out U3 (Groundball, 3)
Batting: RHB Raúl Ruíz 0-0: Ball
1-0: Called Strike
1-1: Ground out 6-3 (Groundball, 6S)
Batting: LHB Ernesto López 0-0: Ball
1-0: Called Strike
1-1: Ball
2-1: SINGLE (Groundball, 34D)
Batting: SHB Tom Stevens 0-0: Ball
1-0: SINGLE (Groundball, 34D)
Ernesto López to second
Runner from 2nd tries for 3rd, SAFE, throw made to third
Tom Stevens to second
Batting: LHB Mark Everett 0-0: Ball
1-0: Foul Ball, location: 2F
1-1: Ball
2-1: Fly out, F2 (Popup, 25)
Top of the 3rd over - 0 run(s), 2 hit(s), 0 error(s), 2 left on base; Mile High 0 - Santa Monica 0
BOTTOM OF THE 3RD
Santa Monica Bruins batting - Pitching for Mile High Broncos : RHP Ricardo Marino
Batting: SHB Chris Woods 0-0: Swinging Strike
0-1: Ball
1-1: Swinging Strike
1-2: Strikes out swinging
Batting: LHB Felipe Cruz 0-0: Ball
1-0: Swinging Strike
1-1: Foul Ball, location: 2F
1-2: Fly out, F9 (Flyball, 89XD)
Batting: RHB António López 0-0: Ball
1-0: Ground out 4-3 (Groundball, 4)
Bottom of the 3rd over - 0 run(s), 0 hit(s), 0 error(s), 0 left on base; Mile High 0 - Santa Monica 0
TOP OF THE 4TH
Mile High Broncos batting - Pitching for Santa Monica Bruins : RHP Mario Chávez
Batting: RHB David Moran 0-0: SINGLE (Line Drive, 8LS)
Batting: RHB Richard Bankhead 0-0: Called Strike
0-1: Swinging Strike
0-2: Ball
1-2: Fielders Choice at 2nd, 6-4 (Groundball, 6)
Batting: RHB Edward Williams 0-0: Ball
1-0: Called Strike
1-1: Swinging Strike
1-2: Ball
2-2: Foul Ball, location: 2F
2-2: Ball
3-2: SINGLE (Line Drive, 9S)
Richard Bankhead to second
Richard Bankhead to third
Batting: SHB Paco Martínez 0-0: Called Strike
0-1: Ball
1-1: Ball
2-1: Foul Ball, location: 2F
2-2: Ground out 3-1 (Groundball, 3)
Richard Bankhead scores
Edward Williams to second
Batting: LHB Don Hull 0-0: Intentional Walk
Batting: RHB Raúl Ruíz 0-0: Swinging Strike
0-1: Called Strike
0-2: Strikes out swinging
Top of the 4th over - 1 run(s), 2 hit(s), 0 error(s), 2 left on base; Mile High 1 - Santa Monica 0
BOTTOM OF THE 4TH
Santa Monica Bruins batting - Pitching for Mile High Broncos : RHP Ricardo Marino
Batting: LHB Ray Bryant 0-0: Swinging Strike
0-1: Ball
1-1: Foul Ball, location: 2F
1-2: Foul Ball, location: 2F
1-2: Ball
2-2: SOLO HOME RUN (Flyball, 9D), Distance : 358 ft
Batting: LHB Morgan Wright 0-0: Foul Ball, location: 2F
0-1: Called Strike
0-2: Fly out, F7 (Flyball, 78D)
Batting: RHB Alfredo López 0-0: Ball
1-0: Ball
2-0: Called Strike
2-1: Foul Ball, location: 2F
2-2: Strikes out swinging
Batting: SHB Ken Hernández 0-0: Swinging Strike
0-1: Swinging Strike
0-2: Foul Ball, location: 2F
0-2: DOUBLE (Line Drive, 7LS)
Batting: LHB Jeffrey Satterley 0-0: Fly out, F7 (Flyball, 7S)
Bottom of the 4th over - 1 run(s), 2 hit(s), 0 error(s), 1 left on base; Mile High 1 - Santa Monica 1
TOP OF THE 5TH
Mile High Broncos batting - Pitching for Santa Monica Bruins : RHP Mario Chávez
Batting: LHB Ernesto López 0-0: Called Strike
0-1: Ball
1-1: Swinging Strike
1-2: Ball
2-2: Strikes out swinging
Batting: SHB Tom Stevens 0-0: Called Strike
0-1: Foul Ball, location: 2F
0-2: Ball
1-2: Ball
2-2: Foul Ball, location: 2F
2-2: Ball
3-2: Base on Balls
Batting: LHB Mark Everett 0-0: Ball
1-0: Ball
2-0: SINGLE (Flyball, 7LM)
Tom Stevens to second
Batting: RHB David Moran 0-0: Called Strike
0-1: Ball
1-1: Ball
2-1: Foul Ball, location: 2F
2-2: Ball
3-2: Base on Balls
Tom Stevens to third
Mark Everett to second
Batting: RHB Richard Bankhead 0-0: Ball
1-0: Called Strike
1-1: Foul Ball, location: 2F
1-2: Ball
2-2: DOUBLE (Groundball, 5L)
Tom Stevens scores
Mark Everett scores
David Moran to third
Batting: RHB Edward Williams 0-0: Intentional Walk
Batting: SHB Paco Martínez 0-0: Ball
1-0: Called Strike
1-1: Ball
2-1: Foul Ball, location: 2F
2-2: Foul Ball, location: 2F
2-2: SINGLE (Line Drive, 34)
David Moran scores
Richard Bankhead to third
Edward Williams to second
Pitching: RHP Warren Johnson
Batting: LHB Don Hull 0-0: Ball
1-0: Ball
2-0: Called Strike
2-1: Ball
3-1: Grounds into fielders choice 3-2 (Groundball, 3)
Edward Williams to third
Paco Martínez to second
Batting: RHB Raúl Ruíz 0-0: Ball
1-0: Foul Ball, location: 2F
1-1: Ground out 6-3 (Groundball, 6M)
Top of the 5th over - 3 run(s), 3 hit(s), 0 error(s), 3 left on base; Mile High 4 - Santa Monica 1
BOTTOM OF THE 5TH
Santa Monica Bruins batting - Pitching for Mile High Broncos : RHP Ricardo Marino
Batting: LHB Rubén Díaz 0-0: Called Strike
0-1: Ball
1-1: Ball
2-1: Called Strike
2-2: Ball
3-2: Fly out, F7 (Line Drive, 78M)
Batting: SHB Chris Woods 0-0: Ball
1-0: Foul Ball, location: 2F
1-1: Swinging Strike
1-2: Ball
2-2: Ball
3-2: Fly out, F7 (Line Drive, 78S)
Batting: LHB Felipe Cruz 0-0: Ball
1-0: Ball
2-0: Called Strike
2-1: Fly out, F8 (Flyball, 8RM)
Bottom of the 5th over - 0 run(s), 0 hit(s), 0 error(s), 0 left on base; Mile High 4 - Santa Monica 1
TOP OF THE 6TH
Mile High Broncos batting - Pitching for Santa Monica Bruins : RHP Warren Johnson
Batting: LHB Ernesto López 0-0: Ball
1-0: Ball
2-0: Swinging Strike
2-1: Ball
3-1: Base on Balls
Batting: SHB Tom Stevens 0-0: Ball
1-0: Called Strike
1-1: Foul Ball, location: 2F
1-2: Ball
2-2: Fly out, F8 (Flyball, 8LD)
Batting: LHB Mark Everett 0-0: Ball
1-0: Grounds into double play, 6-4-3 (Groundball, 6)
Top of the 6th over - 0 run(s), 0 hit(s), 0 error(s), 0 left on base; Mile High 4 - Santa Monica 1
BOTTOM OF THE 6TH
Santa Monica Bruins batting - Pitching for Mile High Broncos : RHP Ricardo Marino
Batting: RHB António López 0-0: Ball
1-0: Called Strike
1-1: Foul Ball, location: 2F
1-2: Ball
2-2: Foul Ball, location: 2F
2-2: Foul Ball, location: 2F
2-2: Foul Ball, location: 2F
2-2: Ground out 4-3 (Groundball, 4)
Batting: LHB Ray Bryant 0-0: Called Strike
0-1: Ground out 4-3 (Groundball, 4)
Batting: LHB Morgan Wright 0-0: Called Strike
0-1: SOLO HOME RUN (Flyball, 9LD), Distance : 362 ft
Batting: RHB Alfredo López 0-0: Called Strike
0-1: Ball
1-1: DOUBLE (Line Drive, 9LD)
Batting: SHB Ken Hernández 0-0: Called Strike
0-1: Called Strike
0-2: Foul Ball, location: 2F
0-2: Foul Ball, location: 2F
0-2: Ground out 4-3 (Groundball, 4M)
Bottom of the 6th over - 1 run(s), 2 hit(s), 0 error(s), 1 left on base; Mile High 4 - Santa Monica 2
TOP OF THE 7TH
Mile High Broncos batting - Pitching for Santa Monica Bruins : RHP Warren Johnson
Batting: RHB David Moran 0-0: Called Strike
0-1: Ball
1-1: Fly out, F4 (Popup, 4MD)
Batting: RHB Richard Bankhead 0-0: Called Strike
0-1: Ball
1-1: Called Strike
1-2: Foul Ball, location: 2F
1-2: SINGLE (Groundball, 25) (infield hit)
Batting: RHB Edward Williams 0-0: Ball
1-0: Reached on error, E5 (Groundball, 56)
Richard Bankhead to second
Batting: SHB Paco Martínez 0-0: SINGLE (Line Drive, 6S) (infield hit)
Richard Bankhead to third
Edward Williams to second
Pinch Hitting: RHB António Martínez 0-0: Swinging Strike
0-1: Foul Ball, location: 2F
0-2: SINGLE (Groundball, 56D)
Richard Bankhead scores
Edward Williams to third
Paco Martínez to second
Batting: RHB Raúl Ruíz 0-0: Foul Ball, location: 2F
0-1: Swinging Strike
0-2: Ball
1-2: Strikes out swinging
Batting: LHB Ernesto López 0-0: Ball
1-0: Called Strike
1-1: Foul Ball, location: 2F
1-2: Reached on error, E7 (Flyball, 78M)
Edward Williams scores
Paco Martínez scores
António Martínez to third
Pitching: RHP Juan González
Batting: SHB Tom Stevens 0-0: Ball
1-0: Foul Ball, location: 2F
1-1: Ground out 4-3 (Groundball, 4M)
Top of the 7th over - 3 run(s), 3 hit(s), 2 error(s), 2 left on base; Mile High 7 - Santa Monica 2
BOTTOM OF THE 7TH
Santa Monica Bruins batting - Pitching for Mile High Broncos : RHP Ricardo Marino
Pitching: RHP Hokusai Nakashima
Now in CF: Jeff Packard
Batting: LHB Jeffrey Satterley 0-0: Ball
1-0: Ball
2-0: Called Strike
2-1: Ground out 5-3 (Groundball, 56)
Batting: LHB Rubén Díaz 0-0: Called Strike
0-1: Foul Ball, location: 2F
0-2: Fly out, F7 (Flyball, 7LSF)
Batting: SHB Chris Woods 0-0: Ball
1-0: Called Strike
1-1: Swinging Strike
1-2: Strikes out looking
Bottom of the 7th over - 0 run(s), 0 hit(s), 0 error(s), 0 left on base; Mile High 7 - Santa Monica 2
TOP OF THE 8TH
Mile High Broncos batting - Pitching for Santa Monica Bruins : RHP Juan González
Batting: LHB Mark Everett 0-0: Foul Ball, location: 2F
0-1: Ball
1-1: Ball
2-1: Foul Ball, location: 2F
2-2: Ground out 6-3 (Groundball, 6S)
Batting: RHB David Moran 0-0: Foul Ball, location: 2F
0-1: Ball
1-1: Ball
2-1: Ball
3-1: Swinging Strike
3-2: Foul Ball, location: 2F
3-2: Base on Balls
Batting: RHB Richard Bankhead 0-0: Called Strike
0-1: Ball
1-1: Swinging Strike
1-2: Ball
2-2: Strikes out looking
Batting: RHB Edward Williams 0-0: Ball
1-0: DOUBLE (Flyball, 9LM)
David Moran to third
Runner from 3rd tries for Home, SAFE, no throw
Batting: SHB Paco Martínez 0-0: Ball
1-0: Called Strike
1-1: Swinging Strike
1-2: Ground out 5-3 (Groundball, 56)
Top of the 8th over - 1 run(s), 1 hit(s), 0 error(s), 1 left on base; Mile High 8 - Santa Monica 2
BOTTOM OF THE 8TH
Santa Monica Bruins batting - Pitching for Mile High Broncos : RHP Hokusai Nakashima
Batting: LHB Felipe Cruz 0-0: SINGLE (Groundball, 4MD)
Batting: RHB António López 0-0: Ball
1-0: Called Strike
1-1: Fielders Choice at 2nd, 5-4 (Groundball, 56)
Batting: LHB Ray Bryant 0-0: Ball
1-0: Swinging Strike
1-1: Ball
2-1: Ball
3-1: Foul Ball, location: 2F
3-2: Base on Balls
António López to second
Batting: LHB Morgan Wright 0-0: Ball
1-0: Ball
2-0: Called Strike
2-1: Ball
3-1: Fly out, F8 (Flyball, 8LM)
Batting: RHB Alfredo López 0-0: Ball
1-0: Foul Ball, location: 2F
1-1: Ball
2-1: Fielders Choice at 2nd, 4-6 (Groundball, 4)
Bottom of the 8th over - 0 run(s), 1 hit(s), 0 error(s), 1 left on base; Mile High 8 - Santa Monica 2
TOP OF THE 9TH
Mile High Broncos batting - Pitching for Santa Monica Bruins : RHP Juan González
Batting: RHB Jeff Packard 0-0: Ball
1-0: Fly out, F4 (Line Drive, 4)
Batting: RHB Raúl Ruíz 0-0: Ball
1-0: Swinging Strike
1-1: Foul Ball, location: 2F
1-2: Ball
2-2: Foul Ball, location: 2F
2-2: Strikes out swinging
Batting: LHB Ernesto López 0-0: Foul Ball, location: 2F
0-1: Ball
1-1: Ball
2-1: Ball
3-1: Called Strike
3-2: DOUBLE (Line Drive, 7LS)
Batting: SHB Tom Stevens 0-0: Ball
1-0: Called Strike
1-1: Foul Ball, location: 2F
1-2: Ball
2-2: Ball
3-2: Foul Ball, location: 2F
3-2: Foul Ball, location: 2F
3-2: SINGLE (Groundball, 4MD)
Ernesto López to third
Ernesto López scores
Batting: LHB Mark Everett 0-0: Ball
1-0: Ball
2-0: Called Strike
2-1: Ball
Wild Pitch!
Tom Stevens to second
3-1: Base on Balls
Batting: RHB David Moran 0-0: Called Strike
0-1: Fly out, F8 (Flyball, 8RM)
Top of the 9th over - 1 run(s), 2 hit(s), 0 error(s), 2 left on base; Mile High 9 - Santa Monica 2
BOTTOM OF THE 9TH
Santa Monica Bruins batting - Pitching for Mile High Broncos : RHP Hokusai Nakashima
Batting: SHB Ken Hernández 0-0: Ball
1-0: SINGLE (Flyball, 6MD)
Batting: LHB Jeffrey Satterley 0-0: Ball
1-0: Called Strike
1-1: SINGLE (Groundball, 3D)
Ken Hernández to second
Runner from 2nd tries for 3rd, SAFE, throw made to third
Batting: LHB Rubén Díaz 0-0: Ball
1-0: Called Strike
1-1: Foul Ball, location: 2F
1-2: Ball
2-2: Foul Ball, location: 2F
2-2: Foul Ball, location: 2F
2-2: Ball
3-2: Ground out 5-3 (Groundball, 56S)
Ken Hernández scores
Jeffrey Satterley to second
Batting: SHB Chris Woods 0-0: Ball
1-0: Called Strike
1-1: Ball
2-1: Ball
3-1: Called Strike
3-2: Ground out 6-3 (Groundball, 6D)
Batting: LHB Felipe Cruz 0-0: Ball
1-0: Called Strike
1-1: Foul Ball, location: 2F
1-2: 2-RUN HOME RUN (Line Drive, 89XD), Distance : 418 ft
Pitching: LHP Mark Stewart
Batting: RHB António López 0-0: Ball
1-0: Ball
2-0: Ball
3-0: Called Strike
3-1: Base on Balls
Batting: LHB Ray Bryant 0-0: Ball
1-0: Foul Ball, location: 2F
1-1: Ball
2-1: Foul Ball, location: 2F
2-2: Ball
Wild Pitch!
António López to second
3-2: Ground out 4-3 (Groundball, 4)
Bottom of the 9th over - 3 run(s), 3 hit(s), 0 error(s), 1 left on base; Mile High 9 - Santa Monica 5
Thursday, March 30th, 2017 - OOTP Baseball 17.12 Build 75